 Dungeon Crawl Stone Soup version 0.30-a0-385-gfebfb9b408 (webtiles) character file.

Game seed: 1167585054254586462

83 ragingrage the Shooter (level 4, -2/22 HPs)
             Began as a Spriggan Hunter on Dec 2, 2022.
             Constricted to death by Grinder (6 damage)
             ... on level 3 of the Dungeon.
             The game lasted 00:01:15 (2082 turns).

ragingrage the Shooter (Spriggan Hunter)            Turns: 2082, Time: 00:01:15

Health: -2/22      AC:  2    Str:  7    XL:     4   Next: 22%
Magic:  5/5        EV: 15    Int: 10    God:
Gold:   151        SH:  0    Dex: 20    Spells: 3/3 levels left

rFire   . . .      SeeInvis +    a - +0 shortbow
rCold   . . .      Faith    .    (shield currently unavailable)
rNeg    . . .      Spirit   .    c - +0 robe
rPois   .          Reflect  .    (helmet restricted)
rElec   .          Harm     .    (no cloak)
rCorr   .          Rampage  .    (gloves unavailable)
Will    .....                    (boots unavailable)
Stlth   ++........               (no amulet)
HPRegen 0.23/turn                (no ring)
MPRegen 0.09/turn                (no ring)

@: grasped by roots, attractive, constricted, very quick
A: very small, no large weapons, unfitting armour, see invisible, speed 3
a: no special abilities


You were on level 3 of the Dungeon.
You visited 1 branch of the dungeon, and saw 3 of its levels.

You collected 151 gold pieces.

Inventory:

Hand Weapons
 a - a +0 shortbow (weapon)
Armour
 c - a +0 robe (worn)
Jewellery
 i - a ring of resist corrosion
Scrolls
 b - 2 scrolls of immolation
 e - a scroll of butterflies {unknown}
 f - 3 scrolls of identify {unknown}
 g - a scroll of fear {unknown}
 h - a scroll of acquirement {unknown}
 l - a scroll of magic mapping {unknown}
 m - a scroll of amnesia {unknown}
 n - a scroll of noise {unknown}
 p - a scroll of enchant armour {unknown}
 q - a scroll of vulnerability {unknown}
Potions
 d - 2 potions of attraction
 j - 2 potions of berserk rage {unknown}
 k - a potion of invisibility {unknown}
 o - 2 potions of might {unknown}


   Skills:
 - Level 1.5 Fighting
 + Level 5.8 Ranged Weapons
 - Level 2.6 Dodging
 - Level 1.5 Stealth


You had 3 spell levels left.
You didn't know any spells.
Your spell library was empty.

Dungeon Overview and Level Annotations

Branches:
Dungeon (3/15)

Altars:

Annotations:
D:3 Grinder


Innate Abilities, Weirdness & Mutations

You are very small and have problems with some larger weapons.
You are too small for most types of armour.
You have supernaturally acute eyesight. (SInv)
You cover ground extremely quickly. (Speed+++)


Message History

You resist with some effort.
No target in view!
You shoot an arrow.
The arrow hits Grinder but does no damage.
There are monsters nearby!
You shoot an arrow. The arrow barely misses Grinder.
Grinder gestures at you. You resist with some effort. Grinder gestures at you.
You resist with some effort.
There are monsters nearby!
Things that are here:
a +0 dagger; a goblin corpse Grinder gestures at you.
You suddenly lose the ability to move!
Grinder blinks!
Grinder hits you but does no damage.
Grinder zaps a wand.
The roots erupt in riotous growth!
The grasping roots grab you!
Grinder is unaffected.
The grasping roots constrict you.
You can move again.
You escape the roots grasp.
Grinder barely misses you. Grinder gestures at you.
You suddenly lose the ability to move!
Grinder gestures at you. Pain shoots through your body! Grinder hits you.
You writhe in agony.
Grinder hits you.
You writhe in agony.
* * * LOW HITPOINT WARNING * * *
You can move again.
Unknown command.
Unknown command.
Unknown command.
It was a potion of attraction.
You feel attractive to monsters.
Grinder zaps a wand.
The roots erupt in riotous growth!
The grasping roots grab you! The grasping roots constrict you.
You die...

#w# ##...#......
#.######.#......
#...............
#...............
#.......†.......
#..........#####
#.##########
..#######5#
.......@..# ##
..######### #.
#. #. #. ## ###
#######..
........#


You could see Grinder.

Vanquished Creatures
  3 adders (D:2)
  2 worms (D:2)
  2 dart slugs
  An orc (D:3)
  2 ball pythons
  3 bats
  2 endoplasms (D:1)
  A giant cockroach (D:2)
  5 goblins
  5 hobgoblins
  3 jackals (D:1)
  3 kobolds (D:1)
  3 quokkas
  3 frilled lizards
  3 rats
41 creatures vanquished.

Vanquished Creatures (others)
  14 fungi (D:3)
14 creatures vanquished.

Grand Total: 55 creatures vanquished

Notes
Turn   | Place    | Note
-------+----------+-------------------------------------------
     0 | D:1      | ragingrage the Spriggan Hunter began the quest for the Orb.
     0 | D:1      | Reached XP level 1. HP: 10/10 MP: 2/2
    88 | D:1      | Reached XP level 2. HP: 14/14 MP: 3/3
   326 | D:1      | Found a faded altar of an unknown god.
   867 | D:2      | Reached skill level 5 in Ranged Weapons
   867 | D:2      | Reached XP level 3. HP: 18/18 MP: 4/4
  1416 | D:2      | Reached XP level 4. HP: 22/22 MP: 5/5
  2050 | D:3      | Noticed Grinder
  2064 | D:3      | Paralysed by Grinder for 5 turns
  2074 | D:3      | Paralysed by Grinder for 5 turns
  2082 | D:3      | Constricted to death by Grinder

Illustrated notes

Levels and vault maps discovered:
D:1:      dpeg_arrival_arbitrary_a, layout_basic,
          ebering_ecumenical_altar_petrified
D:2:      layout_basic, nicolae_underground_beach
D:3:      layout_basic, mainiacjoe_overflow_cross_hatched, uniq_grinder

Skill      XL: |  1  2 |
---------------+-------+-----
Ranged Weapons | 5 |  5.8
Fighting       | |  1.5
Dodging        | |  2.6
Stealth        | |  1.5

Action                   |  1- 3 |  4- 6 || total
-------------------------+-------+-------++-------
 Fire: Shortbow          |    89 |    24 ||   113
  Use: Potion            |       |     1 ||     1
Armor: Robe              |     3 |     1 ||     4
Dodge: Dodged            |    25 |     1 ||    26

Table legend: (Time is in decaauts)
 A = Elapsed time spent in this place.
 B = Non-inter-level travel time spent in this place.
 C = Inter-level travel time spent in this place.
 D = Time resting spent in this place.
 E = Time spent auto-exploring this place.
 F = Levels seen in this place.
 G = Mean time per level.
                   A        B        C        D        E       F      G
               +--------+--------+--------+--------+--------+-----+--------+
         Total |   1380 |   1308 |     72 |     51 |   1038 |   3 |  460.0 |
       Dungeon |   1380 |   1308 |     72 |     51 |   1038 |   3 |  460.0 |
               +--------+--------+--------+--------+--------+-----+--------+

Top non-repeatable levels by time:
     D:2: 615 daAuts
     D:1: 555 daAuts
     D:3: 210 daAuts
